 Dungeon Crawl Stone Soup version 0.24-a0-251-g44e327ef01 (webtiles) character file.

Game seed: 13610911687518893247

143615 Redear the Peltast (level 17, 0/116 HPs)
             Began as an Octopode Fighter on Apr 16, 2019.
             Was a High Priest of Zin.
             Slain by a naga warrior
             ... wielding a +0 scimitar
              (30 damage)
             ... on level 3 of the Snake Pit.
             The game lasted 02:41:11 (40262 turns).

Redear the Peltast (Octopode Fighter)              Turns: 40262, Time: 02:41:11

Health: 0/116      AC:  4    Str: 29    XL:     17   Next: 8%
Magic:  26/33      EV: 21    Int: 14    God:    Zin [*****.]
Gold:   1350       SH: 20    Dex: 16    Spells: 18/26 levels left

rFire    + + +     SeeInvis +   X - +9 dagger of Yddiashi {venom, rF+}
rCold    + + .     Gourm    .   W - +0 shield {reflect} (curse) {Reflect}
rNeg     . . .     Faith    .   (helmet restricted)
rPois    ∞         Spirit   .   P - +4 amulet of reflection
rElec    .         Reflect  +   g - ring of magical power {MP+9}
rCorr    .         Harm     .   f - ring of protection from fire {rF+}
MR       +++..                  s - ring of see invisible {SInv}
Stlth    ++++++....             c - +3 ring of protection
HPRegen  0.29/turn              k - ring of the Madman {rF+ rC++ Str+2 Stlth+}
MPRegen  0.23/turn              p - +2 ring of strength
                                (no ring)
                                (no ring)

@: mighty, vitalised, very slightly contaminated, invisible
A: almost no armour, stealthy swim, amphibious, 8 rings, constrict 8, camouflage
1, magic resistance 2, gelatinous body 1
}: 1/15 runes: decaying
a: Recite, Vitalisation, Imprison, Sanctuary, Donate Gold, Renounce Religion


You were on level 3 of the Snake Pit.
You worshipped Zin.
Zin was extremely pleased with you.
You were hungry.

You visited 6 branches of the dungeon, and saw 28 of its levels.

You collected 2704 gold pieces.
You spent 1084 gold pieces at shops.
You donated 270 gold pieces to Zin.

Inventory:

Hand Weapons
 a - the +7 broad axe "Eviscerator" {flame, Dex+2}
   (You found it on level 11 of the Dungeon)

   It has been specially enchanted to burn those struck by it, causing extra
   injury to most foes and up to half again as much damage against particularly
   susceptible opponents.
   Big, fiery blades are also staple armaments of hydra-hunters.
   It affects your dexterity (+2).
 U - a +1 long sword of slicing
 X - the +9 dagger of Yddiashi (weapon) {venom, rF+}
   (You found it on level 2 of the Lair of Beasts)

   It poisons the flesh of those it strikes.
   It protects you from fire.
Missiles
 Y - a tomahawk of returning (quivered)
 Z - 2 throwing nets {+f}
Armour
 e - a +1 large shield
 W - a cursed +0 shield of reflection (worn) {Reflect}
Magical Staves
 n - an uncursed staff of wizardry {Wiz+}
Jewellery
 c - a +3 ring of protection (on tentacle)
 f - a ring of protection from fire (right tentacle) {rF+}
 g - a ring of magical power (left tentacle) {MP+9}
 k - the ring of the Madman (on tentacle) {rF+ rC++ Str+2 Stlth+}
   (You bought it in a shop on level 2 of the Orcish Mines)

   [ring of strength]

   It affects your strength (+2).
   It protects you from fire.
   It greatly protects you from cold.
   It makes you more stealthy.
 o - an uncursed amulet of the gourmand {Gourm}
 p - a +2 ring of strength (on tentacle)
 q - the amulet of Yfiec {Spirit Str+2 Dex+4}
   (You acquired it on level 1 of the Swamp)

   [amulet of guardian spirit]

   It causes incoming damage to be split between your health and magic.
   It affects your strength (+2).
   It affects your dexterity (+4).
 r - an uncursed amulet of regeneration {+Regen}
 s - a ring of see invisible (on tentacle) {SInv}
 y - an uncursed amulet of faith {unknown}
 P - a +4 amulet of reflection (around mantle)
Wands
 A - a wand of acid (7)
 E - a wand of enslavement (8)
 O - a wand of disintegration (11)
Scrolls
 b - a scroll of brand weapon {unknown}
 h - 4 scrolls of enchant armour
 j - 2 scrolls of fear
 x - 2 scrolls of fog
 B - 2 scrolls of blinking
 D - 2 scrolls of vulnerability {unknown}
 F - a scroll of amnesia
 G - 5 scrolls of immolation
 J - 8 scrolls of enchant weapon
 M - a scroll of magic mapping
 N - 10 scrolls of remove curse {@r2}
 S - 4 scrolls of noise
 T - 14 scrolls of teleportation {@r3}
Potions
 d - 4 potions of magic
 i - a potion of berserk rage
 l - 3 potions of flight
 m - 3 potions of mutation {!q}
 t - 5 potions of heal wounds {@q1}
 v - 4 potions of might {Str+5 DMG+1d10 | @q3}
 w - 5 potions of resistance {rF+ rC+ rPois rElec rCorr}
 C - 2 potions of brilliance {Archmagi Int+5 Wiz++}
 H - 5 potions of haste
 K - 3 potions of ambrosia
 L - 4 potions of invisibility
 Q - 4 potions of curing {@q2}
 R - a potion of degeneration {unknown}
 V - a potion of agility {Stlth+ Dex+5 EV+5 | @q4}
Miscellaneous
 I - a phantom mirror
Comestibles
 z - 13 rations


   Skills:
 - Level 10.7 Fighting
 - Level 12.0 Long Blades
 - Level 10.7 Dodging
 - Level 10.0 Stealth
 + Level 18.8 Shields
 - Level 5.0 Spellcasting
 - Level 4.0 Conjurations
 - Level 3.8 Translocations
 - Level 4.0 Fire Magic
 - Level 4.0 Air Magic
 - Level 4.8 Poison Magic
 - Level 6.1 Invocations


You had 18 spell levels left.
You knew the following spells:

 Your Spells              Type           Power        Failure   Level  Hunger
c - Mephitic Cloud        Conj/Pois/Air  ###.....     9%          3    ###....
x - Conjure Flame         Conj/Fire      ##......     10%         3    ###....
D - Blink                 Tloc           N/A          5%          2    ##.....

Your spell library contained the following spells:

 Spells                   Type           Power        Failure   Level  Hunger
 Flame Tongue             Conj/Fire      ##...        3%          1    None
 Magic Dart               Conj           ##..         3%          1    None
 Poisonous Vapours        Pois/Air       ###...       4%          2    ##.....
 Throw Flame              Conj/Fire      ##....       4%          2    ##.....
 Gell's Gravitas          Tloc           ##........   11%         3    ###....
 Throw Frost              Conj/Ice       #.....       12%         2    ##.....
 Ignite Poison            Fire/Tmut/Pois ##......     16%         3    ###....
 Animate Skeleton         Necr           N/A          17%         1    None
 Beastly Appendage        Tmut           #.....       17%         1    None
 Confusing Touch          Hex            #.....       17%         1    None
 Freeze                   Ice            #...         17%         1    None
 Pain                     Necr           #...         17%         1    None
 Summon Butterflies       Summ           #.......     17%         1    None
 Spider Form              Tmut/Pois      ##........   21%         3    ###....
 Inner Flame              Hex/Fire       #.......     22%         3    ###....
 Call Imp                 Summ           #.......     26%         2    ##.....
 Slow                     Hex            #.......     26%         2    ##.....
 Sticks to Snakes         Tmut           #.......     26%         2    ##.....
 Sublimation of Blood     Necr           #.........   26%         2    ##.....
 Sticky Flame             Conj/Fire      ##......     32%         4    ####...
 Call Canine Familiar     Summ           #.......     45%         3    ###....
 Confuse                  Hex            #.......     45%         3    ###....
 Ozocubu's Armour         Chrm/Ice       #.......     45%         3    ###....
 Regeneration             Chrm/Necr      #.........   45%         3    ###....
 Vampiric Draining        Necr           #.........   45%         3    ###....
 Throw Icicle             Conj/Ice       #.......     58%         4    ####...
 Fireball                 Conj/Fire      ##........   67%         5    ######.
 Animate Dead             Necr           N/A          86%         4    ####...
 Ice Form                 Ice/Tmut       #.......     86%         4    ####...
 Petrify                  Tmut/Erth      #.......     86%         4    ####...
 Summon Ice Beast         Ice/Summ       #.......     86%         4    ####...
 Alistair's Intoxication  Tmut/Pois      ##......     88%         5    ######.
 Irradiate                Conj/Tmut      #.........   91%         5    ######.
 Blade Hands              Tmut           #.........   99%         5    ######.
 Metabolic Englaciation   Hex/Ice        #.........   99%         5    ######.
 Summon Mana Viper        Hex/Summ       #.......     99%         5    ######.
 Yara's Violent Unravell  Hex/Tmut       #.........   99%         5    ######.
 Freezing Cloud           Conj/Ice/Air   ##........   100%        6    #######
 Ring of Flames           Chrm/Fire      #.........   100%        7    #######
 Summon Hydra             Summ           #.........   100%        7    #######


Dungeon Overview and Level Annotations

Branches:
Dungeon (12/15)            Temple (1/1) D:6            Lair (6/6) D:8
  Swamp (4/4) Lair:4        Snake (3/4) Lair:3        Slime (0/5) Lair:5
    Orc (2/2) D:11            Elf (0/3) Orc:2

Altars:
Ashenzari
Cheibriados
Dithmenos
Elyvilon
Fedhas
Gozag
Hepliaklqana
Kikubaaqudgha
Makhleb
Nemelex Xobeh
Okawaru
Qazlal
Ru
Sif Muna
Trog
Uskayaw
Vehumet
Wu Jian
Xom
Yredelemnul
Zin
The Shining One

Shops:
Orc:2 [=:?

Annotations:
D:9 2 transporters, exclusion: death knight
D:10 1 runed translucent door
D:12 Azrael
Lair:4 exclusion: 4 oklob plants
Lair:6 3 runed translucent doors, Yosebu's ghost, journeyman DrCj


Innate Abilities, Weirdness & Mutations

You cannot wear most types of armour.
You are very stealthy in the water. (Stealth+)
You are amphibious.
You can wear up to eight rings at the same time.
You can use your tentacles to constrict eight enemies at once.
Your skin changes colour to match your surroundings (Stealth+).
Your rubbery body absorbs attacks. (AC +1, EV +1)
You are highly resistant to hostile enchantments. (MR++)


Message History

The guardian serpent is lightly wounded.
You block the guardian serpent's attack.
Unknown command.
You hit the guardian serpent.
The guardian serpent is poisoned.
Your squeeze misses the guardian serpent.
The guardian serpent is moderately wounded.
The naga warrior hits you with a +0 scimitar.
You block the naga warrior's attack.
The guardian serpent weaves intricate patterns with the tip of its tongue.
You take 1 damage, and have 35/116 hp.
Unknown command.
You hit the guardian serpent but do no damage.
The guardian serpent is moderately wounded.
The guardian serpent hits you.
* * * LOW HITPOINT WARNING * * *
You take 5 damage, and have 30/116 hp.
Unknown command.
You feel very mighty all of a sudden.
The naga warrior hits you with a +0 scimitar!!
You die...

##. ... ..N #N######
#......#####
###........##
#.<.......##
#.#.#######NN......!.#
#...N@SN.NNN..S.....#
##.#######NN.N......#
.......§§.†..#
###(.S.?..§..$#
....§.......##
####.>........#
#..........#
#..........#
#..........#


You could see 2 naga warriors, a salamander mystic, 3 salamanders, a guardian
serpent, a naga mage and 2 nagas.

Vanquished Creatures
  Jorgrun (Swamp:2)
  2 thorn hunters
  Donald (Swamp:2)
  An orc warlord (Orc:2)
  A very ugly thing (Swamp:4)
  2 ettins
  A naga warrior (Snake:1)
  20 hydras
  2 anacondas (Snake:3)
  20 alligators
  2 two-headed ogres
  12 death yaks
  4 naga sharpshooters
  A shock serpent (Snake:1)
  5 orc high priests
  Sonja (Lair:6)
  An unseen horror (D:11)
  4 spriggan druids
  13 swamp dragons
  A naga ritualist (Snake:3)
  4 mana vipers
  4 orc knights (Orc:2)
  7 orc sorcerers
  A salamander (Snake:2)
  A guardian serpent (Snake:1)
  4 elephants
  6 black mambas
  6 naga magi
  16 spiny frogs
  Psyche (D:8)
  A moth of wrath (shapeshifter) (D:12)
  2 rime drakes
  13 komodo dragons
  5 trolls
  9 hippogriffs
  3 polar bears
  9 blink frogs
  5 bog bodies
  11 hornets
  10 slime creatures (Swamp:2)
  9 tyrant leeches
  2 dream sheep (Lair:6)
  A meliai zombie (D:11)
  2 shadows
  37 yaks
  2 wraiths
  21 spriggans
  Sigmund (D:6)
  3 basilisks
  4 humans (D:10)
  A steam dragon (D:9)
  3 wyverns
  2 hungry ghosts (D:11)
  18 vampire mosquitoes
  3 wargs
  2 soldier ants
  14 swamp worms
  16 nagas
  A hell hound (D:12)
  3 sky beasts
  9 swamp drakes
  12 water moccasins
  A hornet zombie (D:11)
  8 porcupines
  7 black bears
  24 orc warriors
  2 necrophages
  3 boggarts (Lair:6)
  2 phantoms
  2 centaurs (D:10)
  5 ogres
  48 wolves
  11 crocodiles
  2 big kobolds (D:7)
  12 bullfrogs
  5 scorpions
  A troll zombie (D:11)
  19 killer bees
  7 wights
  An electric eel (Lair:1)
  3 bullfrog zombies
  2 centaur zombies (D:11)
  3 crimson imps
  4 hounds
  A quasit (D:8)
  8 jellies
  16 orc priests
  2 centaur skeletons
  3 iguanas
  29 orc wizards
  8 worker ants
  5 ogre zombies (D:11)
  3 hound skeletons
  A hound zombie (D:9)
  A worker ant zombie (D:5)
  Robin (D:2)
  A howler monkey zombie (D:9)
  A gnoll (D:2)
  12 adders
  2 shadow imps
  2 oozes
  An adder zombie (D:5)
  A worm (D:3)
  3 dart slugs
  3 leopard geckos
  54 orcs
  A ball python (D:1)
  10 giant cockroaches
  17 goblins
  9 hobgoblins
  8 jackals
  4 quokkas
  6 bats
  6 frilled lizards
  2 goblin skeletons (D:11)
  3 goblin zombies (D:11)
  A jackal zombie (D:7)
  22 kobolds
  A leopard gecko skeleton (D:7)
  3 orc skeletons (D:11)
  11 orc zombies (D:11)
  2 quokka skeletons
  7 rats
  A fungus (Lair:3)
823 creatures vanquished.

Vanquished Creatures (collateral kills)
  2 ice beasts (D:11)
2 creatures vanquished.

Vanquished Creatures (others)
  A spiny frog (Lair:5)
  2 wyverns (D:11)
  A yak (D:12)
  A warg (Orc:2)
  An orc priest (Orc:2)
  10 fungi
  15 plants
31 creatures vanquished.

Grand Total: 856 creatures vanquished

Notes
Turn   | Place    | Note
-------+----------+-------------------------------------------
     0 | D:1      | Redear the Octopode Fighter began the quest for the Orb.
     0 | D:1      | Reached XP level 1. HP: 16/16 MP: 1/1
   112 | D:1      | Reached XP level 2. HP: 14/21 MP: 2/2
   495 | D:1      | Reached XP level 3. HP: 26/26 MP: 3/3
   833 | D:2      | Reached XP level 4. HP: 13/31 MP: 4/4
  1069 | D:2      | Noticed Robin
  1104 | D:2      | Killed Robin
  1143 | D:2      | Reached skill level 3 in Long Blades
  1143 | D:2      | Reached XP level 5. HP: 22/37 MP: 5/5
  2230 | D:3      | Reached skill level 4 in Fighting
  2230 | D:3      | Reached skill level 4 in Dodging
  2230 | D:3      | Reached skill level 4 in Shields
  2230 | D:3      | Reached XP level 6. HP: 14/43 MP: 6/6
  3035 | D:4      | Got a bloodstained flail
  3036 | D:4      | Identified the +5 flail "Miekuepo" {crush, rPois MR+ Str+4}
                  | (You found it on level 4 of the Dungeon)
  3303 | D:4      | Noticed a phantom
  3314 | D:4      | Killed a phantom
  3647 | D:4      | Reached XP level 7. HP: 41/49 MP: 7/7
  3862 | D:5      | Entered Level 5 of the Dungeon
  3867 | D:5      | Reached skill level 4 in Long Blades
  4073 | D:5      | Reached skill level 5 in Fighting
  4270 | D:5      | Reached skill level 5 in Dodging
  4270 | D:5      | Reached skill level 5 in Shields
  5076 | D:6      | Found a staircase to the Ecumenical Temple.
  5095 | Temple   | Entered the Ecumenical Temple
  5101 | Temple   | Became a worshipper of Zin the Law-Giver
  5101 | Temple   | Reached * piety under Zin
  5435 | D:6      | Found an ornate altar of the Wu Jian Council.
  5481 | D:6      | Noticed Sigmund
  5957 | D:6      | Killed Sigmund
  5957 | D:6      | Reached skill level 1 in Stealth
  5957 | D:6      | Reached XP level 8. HP: 46/56 MP: 8/8
  6004 | D:7      | Reached skill level 1 in Invocations
  6171 | D:7      | Reached skill level 5 in Long Blades
  6171 | D:7      | Reached skill level 2 in Stealth
  6406 | D:7      | Reached ** piety under Zin
  6586 | D:7      | Reached skill level 2 in Invocations
  6854 | D:7      | Noticed a hippogriff
  6875 | D:7      | Killed a hippogriff
  6875 | D:7      | Reached skill level 3 in Stealth
  7153 | D:7      | Reached skill level 6 in Fighting
  7153 | D:7      | Reached XP level 9. HP: 28/62 MP: 11/11
  7162 | D:7      | Reached skill level 6 in Dodging
  7162 | D:7      | Reached skill level 6 in Shields
  7366 | D:7      | Reached skill level 4 in Stealth
  7366 | D:7      | Reached skill level 3 in Invocations
  8144 | D:8      | Noticed Psyche
  8153 | D:8      | Killed Psyche
  8153 | D:8      | Reached skill level 6 in Long Blades
  8153 | D:8      | Reached skill level 5 in Stealth
  8153 | D:8      | Reached skill level 4 in Invocations
  8372 | D:8      | Reached skill level 6 in Stealth
  8384 | D:8      | Reached XP level 10. HP: 34/69 MP: 13/13
  8416 | D:8      | Found a staircase to the Lair.
  8448 | D:8      | Gained mutation: You are resistant to hostile enchantments.
                  | (MR+) [potion of mutation]
  8448 | D:8      | Gained mutation: You are highly resistant to hostile
                  | enchantments. (MR++) [potion of mutation]
  8455 | D:8      | Reached skill level 7 in Fighting
  8455 | D:8      | Reached skill level 7 in Shields
  8793 | D:8      | Reached *** piety under Zin
  8922 | D:8      | Reached skill level 7 in Dodging
  9075 | D:9      | Noticed a centaur warrior
  9076 | D:9      | Found a transporter.
  9078 | D:9      | Noticed an unseen horror
  9078 | D:9      | Noticed a yaktaur captain
  9079 | D:9      | Noticed a great orb of eyes
  9103 | D:9      | Reached skill level 5 in Invocations
  9235 | D:9      | Found a transporter.
  9582 | D:9      | Paralysed by a hornet for 3 turns
  9838 | D:9      | Noticed a death knight
 10169 | D:10     | Entered Level 10 of the Dungeon
 10182 | D:10     | Reached skill level 7 in Long Blades
 10301 | D:10     | Found a runed translucent door.
 10474 | D:10     | Found a runed translucent door.
 10534 | D:10     | Noticed a two-headed ogre
 10540 | D:10     | Killed a two-headed ogre
 10540 | D:10     | Reached skill level 6 in Invocations
 10551 | D:10     | Reached **** piety under Zin
 10602 | D:10     | Found a runed translucent door.
 10820 | D:10     | Reached skill level 8 in Shields
 10825 | D:10     | Reached skill level 8 in Fighting
 10825 | D:10     | Reached XP level 11. HP: 54/77 MP: 15/15
 10837 | D:10     | Reached skill level 8 in Dodging
 11222 | D:10     | Found a runed translucent door.
 11247 | D:10     | Found a runed translucent door.
 11247 | D:10     | Found a large runed translucent door.
 11247 | D:10     | Found a large runed translucent door.
 11707 | D:11     | Noticed an unseen horror
 11712 | D:11     | Killed an unseen horror
 11712 | D:11     | Reached skill level 8 in Long Blades
 11811 | D:11     | Reached ***** piety under Zin
 11827 | D:11     | Found a staircase to the Orcish Mines.
 11996 | D:11     | Got a brightly glowing broad axe
 12452 | D:11     | Reached skill level 9 in Fighting
 12452 | D:11     | Reached skill level 9 in Shields
 12574 | D:11     | Reached skill level 9 in Dodging
 13024 | D:12     | Noticed a moth of wrath
 13026 | D:12     | Noticed a fire crab
 13032 | D:12     | Noticed Azrael
 13034 | D:12     | Killed a moth of wrath
 13049 | D:12     | Noticed a death drake
 13049 | D:12     | a fire crab changed into a death drake
 13063 | D:12     | HP: 4/80 [yak (11)]
 13128 | Lair:1   | Entered Level 1 of the Lair of Beasts
 13333 | Lair:1   | Reached skill level 9 in Long Blades
 13367 | Lair:1   | Reached XP level 12. HP: 86/86 MP: 16/16
 14161 | Lair:2   | Noticed a six-headed hydra
 14181 | Lair:2   | Identified the +7 broad axe "Eviscerator" {flame, Dex+2}
                  | (You found it on level 11 of the Dungeon)
 14420 | Lair:2   | Reached skill level 10 in Shields
 14491 | Lair:1   | Reached skill level 10 in Fighting
 14495 | Lair:1   | Learned a level 2 spell: Blink
 14536 | Lair:2   | Noticed a death yak
 14549 | Lair:2   | Reached ****** piety under Zin
 14612 | Lair:2   | Reached skill level 10 in Dodging
 14670 | Lair:2   | Reached skill level 1 in Translocations
 14944 | Lair:2   | Got a transparent dagger
 14947 | Lair:2   | Identified the +9 dagger of Yddiashi {venom, rF+} (You
                  | found it on level 2 of the Lair of Beasts)
 15475 | Lair:3   | Noticed a six-headed hydra
 15543 | Lair:3   | You fall through a shaft for 2 floors!
 15550 | Lair:5   | Reached skill level 2 in Translocations
 15568 | Lair:5   | Reached skill level 10 in Long Blades
 15807 | Lair:5   | Found a staircase to the Slime Pits.
 15910 | Lair:5   | Noticed a seven-headed hydra
 15934 | Lair:5   | Reached skill level 3 in Translocations
 15994 | Lair:5   | Reached XP level 13. HP: 93/93 MP: 17/17
 16316 | Lair:6   | Entered Level 6 of the Lair of Beasts
 16701 | Lair:4   | Learned a level 3 spell: Mephitic Cloud
 16709 | Lair:4   | Learned a level 3 spell: Conjure Flame
 17008 | Lair:4   | Found a staircase to the Swamp.
 17560 | Lair:3   | Reached skill level 1 in Poison Magic
 17577 | Lair:3   | Reached skill level 1 in Conjurations
 17577 | Lair:3   | Reached skill level 1 in Fire Magic
 17587 | Lair:3   | Reached skill level 1 in Air Magic
 17604 | Lair:3   | Reached skill level 1 in Spellcasting
 17796 | Lair:3   | Reached skill level 2 in Poison Magic
 17968 | Lair:3   | Found a staircase to the Snake Pit.
 17995 | Lair:3   | HP: 8/93 [naga/+0 trident (16)]
 18318 | Lair:3   | Reached skill level 2 in Conjurations
 18318 | Lair:3   | Reached skill level 2 in Fire Magic
 19047 | Lair:2   | Reached skill level 11 in Shields
 19047 | Lair:2   | Reached skill level 2 in Air Magic
 19317 | Lair:4   | Reached skill level 2 in Spellcasting
 19866 | Lair:6   | Reached skill level 3 in Poison Magic
 20155 | Lair:6   | Found a runed translucent gate.
 20155 | Lair:6   | Found a runed translucent gate.
 20155 | Lair:6   | Found a runed translucent gate.
 20157 | Lair:6   | Noticed Yosebu's ghost (journeyman DrCj)
 20522 | Lair:6   | Reached skill level 3 in Fire Magic
 20522 | Lair:6   | Reached skill level 3 in Air Magic
 20561 | Lair:6   | Reached skill level 3 in Conjurations
 20997 | Lair:6   | Reached skill level 11 in Long Blades
 20997 | Lair:6   | Reached skill level 4 in Poison Magic
 21046 | Lair:6   | Reached skill level 3 in Spellcasting
 21046 | Lair:6   | Reached XP level 14. HP: 43/99 MP: 18/18
 21915 | Lair:6   | Noticed Sonja
 22144 | Orc:1    | Entered Level 1 of the Orcish Mines
 22720 | Orc:1    | Reached skill level 4 in Fire Magic
 22720 | Orc:1    | Reached skill level 4 in Air Magic
 22875 | Orc:2    | Entered Level 2 of the Orcish Mines
 22880 | Orc:2    | Reached skill level 4 in Conjurations
 23101 | Orc:2    | Reached skill level 4 in Spellcasting
 23141 | Orc:2    | Found a staircase to the Elven Halls.
 23263 | Orc:2    | Noticed an orc warlord
 23446 | Orc:2    | Killed an orc warlord
 23778 | Orc:2    | Found Kuch's Magic Scroll Shop.
 24188 | Orc:2    | Reached skill level 5 in Spellcasting
 24193 | Orc:2    | Reached skill level 12 in Shields
 24408 | Orc:2    | Found Odghiz's Antique Armour Shop.
 24409 | Orc:2    | Found Sitsuv's Book Shoppe.
 24409 | Orc:2    | Found Noyxygg's Jewellery Shoppe.
 24461 | Orc:2    | Bought a scroll of identify for 26 gold pieces
 24461 | Orc:2    | Bought a scroll of identify for 26 gold pieces
 24461 | Orc:2    | Bought a scroll of identify for 26 gold pieces
 24461 | Orc:2    | Bought a scroll of teleportation for 39 gold pieces
 24461 | Orc:2    | Bought a scroll of identify for 26 gold pieces
 24461 | Orc:2    | Bought a scroll of identify for 26 gold pieces
 24476 | Orc:2    | Bought the ring of the Madman {rF+ rC++ Str+2 Stlth+} for
                  | 501 gold pieces
 24479 | Orc:2    | Bought a +2 ring of strength for 90 gold pieces
 24551 | Orc:1    | Reached skill level 12 in Long Blades
 25019 | Orc:2    | Bought a +4 amulet of reflection for 324 gold pieces
 27295 | Lair:6   | Reached skill level 13 in Shields
 27319 | Lair:6   | Reached XP level 15. HP: 69/105 MP: 22/22
 27452 | Lair:6   | Killed Sonja
 27833 | Lair:6   | Reached skill level 14 in Shields
 28243 | Swamp:1  | Entered Level 1 of the Swamp
 28325 | Swamp:1  | Identified a scroll of acquirement
 28334 | Swamp:1  | Got a heavily runed ruby amulet
 29289 | Swamp:1  | Reached skill level 15 in Shields
 29597 | Swamp:1  | Identified the amulet of Yfiec {Spirit Str+2 Dex+4} (You
                  | acquired it on level 1 of the Swamp)
 30337 | Swamp:2  | Noticed Donald
 30355 | Swamp:2  | Killed Donald
 30486 | Swamp:2  | Noticed Jorgrun
 30701 | Swamp:2  | Noticed a thorn hunter
 30776 | Swamp:2  | Killed a thorn hunter
 31123 | Swamp:2  | Reached skill level 16 in Shields
 31661 | Swamp:2  | Killed Jorgrun
 31902 | Swamp:3  | Reached XP level 16. HP: 87/111 MP: 23/23
 32736 | Swamp:3  | Reached skill level 17 in Shields
 33394 | Swamp:4  | Entered Level 4 of the Swamp
 33456 | Swamp:4  | Found a hazy altar of Hepliaklqana.
 34169 | Swamp:3  | Noticed a thorn hunter
 34189 | Swamp:3  | Killed a thorn hunter
 34552 | Swamp:4  | HP: 11/111 [alligator[an alligator] (24)]
 35113 | Swamp:3  | Reached skill level 7 in Stealth
 36134 | Swamp:4  | Reached skill level 8 in Stealth
 36233 | Swamp:4  | Reached skill level 18 in Shields
 36396 | Swamp:4  | Reached skill level 9 in Stealth
 36699 | Swamp:4  | Got a decaying rune of Zot
 36985 | Snake:1  | Entered Level 1 of the Snake Pit
 38080 | Snake:1  | Reached skill level 10 in Stealth
 39802 | Snake:2  | Reached XP level 17. HP: 116/116 MP: 24/24
 40262 | Snake:3  | Slain by a naga warrior

Levels and vault maps discovered:
D:1:      wander_arrival_chamber, layout_loops_corners
D:2:      layout_basic, cheibrodos_gnoll_hut, uniq_robin
D:3:      layout_loops_ring
D:4:      layout_loops_ring
D:5:      layout_gridville, first_ration, st_stairs_3
D:6:      layout_loops_corners, kennysheep_little_box, minmay_temple_entry_grid,
          uniq_sigmund
D:7:      layout_rooms, the_bakery
D:8:      layout_basic, grunt_lair_entry_orc_guard_hut, uniq_psyche
D:9:      gammafunk_sealed_arena, layout_irregular_city
D:10:     erik_cavepeople, layout_basic
D:11:     layout_basic, zombieorc1_lemuel
D:12:     layout_rooms, gammafunk_ghost_smash, uniq_azrael
Temple:   nicolae_temple_the_god_donut
Lair:1:   wander_river, layout_small_grid, beast_lair_carwin_4,
          lemuel_fruit_fields, serial_bayou_shore_a, infiniplex_staircase_pool_2
Lair:2:   layout_cave_pods
Lair:3:   layout_regular_city, minmay_snake_entry_guardpost_medium,
          hangedman_lair_generics_rect, serial_bayou_shore_b, lemuel_fruit_tree
Lair:4:   layout_roguey, swamp_mist_pool, minmay_lair_oklob_chamber
Lair:5:   layout_long_grid, nicolae_slime_entry_slimehenge
Lair:6:   minmay_lair_end_enchanted_forest, layout_long_grid,
          gammafunk_ghost_hydra_chop, grunt_megastairs_4, uniq_sonja
Swamp:1:  layout_falls_marsh, hangedman_swamp_ruin_wall
Swamp:2:  layout_falls_marsh, evilmike_swamp_ruin_house_6, swamp_pool4,
          nicolae_swamp_dense_foliage, infiniplex_staircase_pool, uniq_jorgrun,
          uniq_donald
Swamp:3:  layout_basic_swamp, evilmike_swamp_ruin_house_5
Swamp:4:  swamp, layout_basic_swamp, swamp_pool5, nicolae_swamp_godswood,
          nicolae_swamp_little_tower
Snake:1:  layout_layer_cave, st_stairs_12
Snake:2:  layout_misc_corridors
Snake:3:  layout_rooms, serial_shops, nicolae_shop_window_shopping,
          nicolae_shop_crystal, nrook_guardian_serpent_double, minmay_shoptagon
Orc:1:    layout_diamond_mine
Orc:2:    st_orc_elflike, layout_caves

Skill      XL: |  1  2  3  4  5  6  7  8  9 10 11 12 13 14 15 16 |
---------------+-------------------------------------------------+-----
Long Blades    | 3 4 5 6 7 9 10 11 12 | 12.0
Fighting       | 4 5 6 8 9 10 | 10.7
Dodging        | 4 5 6 7 9 10 | 10.7
Shields        | 4 5 6 8 9 10 11 13 16 18 | 18.8
Stealth        | 1 3 6 10 | 10.0
Invocations    | 2 4 6 |  6.1
Translocations | 3 |  3.8
Poison Magic   | 4 |  4.8
Conjurations   | 3 4 |  4.0
Fire Magic     | 3 4 |  4.0
Air Magic      | 3 4 |  4.0
Spellcasting   | 3 5 |  5.0

Action                   |  1- 3 |  4- 6 |  7- 9 | 10-12 | 13-15 | 16-18 || total
-------------------------+-------+-------+-------+-------+-------+-------++-------
Melee: Long sword        |    38 |       |       |       |       |       ||    38
       Constrict         |    13 |    31 |    64 |   100 |   168 |    28 ||   404
       Tentacles         |     8 |    29 |    68 |   238 |   452 |   204 ||   999
       Dagger            |     8 |   116 |   169 |   121 |  1321 |   672 ||  2407
       Flail             |       |    16 |     8 |       |       |       ||    24
       Short sword       |       |       |    93 |   814 |       |       ||   907
Throw: Tomahawk          |       |       |     1 |     7 |     8 |     3 ||    19
       Throwing net      |       |       |       |       |     1 |       ||     1
 Cast: Blink             |       |       |       |       |    20 |    17 ||    37
       Mephitic Cloud    |       |       |       |       |    28 |     6 ||    34
       Conjure Flame     |       |       |       |       |    18 |    14 ||    32
Invok: Vitalisation      |       |       |     3 |    10 |    35 |    21 ||    69
       Recite            |       |       |       |     2 |     4 |     1 ||     7
Evoke: Wand              |       |       |       |    12 |    29 |     5 ||    46
  Use: Scroll            |       |       |     4 |     8 |    15 |     5 ||    32
       Potion            |       |       |     1 |     7 |     6 |     6 ||    20
 Stab: Sleeping          |     7 |    11 |     8 |    23 |    25 |    12 ||    86
       Paralysed         |       |       |       |       |     2 |       ||     2
       Confused          |       |       |       |       |    19 |     2 ||    21
       Distracted        |       |       |       |       |     2 |     3 ||     5
       Invisible         |       |       |       |       |     1 |     3 ||     4
  Eat: Chunk             |       |     6 |     7 |    21 |    37 |    24 ||    95
       Ration            |       |     1 |     2 |     2 |     7 |     6 ||    18
Armor: Skin              |     2 |     7 |    12 |    48 |    52 |    17 ||   138
Dodge: Dodged            |    30 |    59 |   195 |   411 |   564 |   273 ||  1532
Block: Shield            |     3 |       |       |   401 |   688 |   502 ||  1594
       Buckler           |       |       |    60 |     3 |       |       ||    63
       Reflection        |       |       |       |       |     3 |    27 ||    30
       Rpst.: Long sword |     7 |       |       |       |       |       ||     7

Table legend:
 A = Non-vault XP
 B = Vault XP
 C = Vault XP percentage of total XP
 D = Non-vault monster count
 E = Vault monster count
 F = Vault count percentage of total count
                 A         B        C        D         E       F
            +---------+---------+-------+---------+---------+-------
      Total |  142681 |   43912 |  23.5 |     635 |     192 |  23.2
            +---------+---------+-------+---------+---------+-------
        D:1 |      43 |       0 |   0.0 |      24 |       0 |   0.0
        D:2 |     129 |      53 |  29.1 |      21 |      14 |  40.0
        D:3 |     130 |       0 |   0.0 |      20 |       0 |   0.0
        D:4 |     274 |       0 |   0.0 |       6 |       0 |   0.0
        D:5 |     374 |      36 |   8.8 |      15 |       2 |  11.8
        D:6 |     139 |     208 |  59.9 |       8 |       1 |  11.1
        D:7 |    1691 |     211 |  11.1 |      46 |       1 |   2.1
        D:8 |     842 |    1022 |  54.8 |      23 |       7 |  23.3
        D:9 |    1551 |       0 |   0.0 |      21 |       0 |   0.0
       D:10 |    1899 |    2196 |  53.6 |      26 |      14 |  35.0
       D:11 |    4271 |     745 |  14.9 |      36 |      29 |  44.6
       D:12 |    1311 |     154 |  10.5 |       7 |       1 |  12.5
     Lair:1 |    3967 |     625 |  13.6 |      25 |       5 |  16.7
     Lair:2 |    9353 |       0 |   0.0 |      38 |       0 |   0.0
     Lair:3 |    4843 |    2764 |  36.3 |      22 |      11 |  33.3
     Lair:4 |    2862 |     989 |  25.7 |      10 |       3 |  23.1
     Lair:5 |   10762 |     265 |   2.4 |      29 |       7 |  19.4
     Lair:6 |   14034 |    9437 |  40.2 |      35 |      50 |  58.8
    Swamp:1 |   11485 |       0 |   0.0 |      20 |       0 |   0.0
    Swamp:2 |   12282 |    5005 |  29.0 |      39 |       2 |   4.9
    Swamp:3 |   18428 |       0 |   0.0 |      35 |       0 |   0.0
    Swamp:4 |   12989 |   12136 |  48.3 |      22 |      19 |  46.3
    Snake:1 |    7414 |     326 |   4.2 |      16 |       2 |  11.1
    Snake:2 |    6087 |       0 |   0.0 |      13 |       0 |   0.0
    Snake:3 |    2824 |       0 |   0.0 |       4 |       0 |   0.0
      Orc:1 |    4472 |       0 |   0.0 |      36 |       0 |   0.0
      Orc:2 |    8225 |    7740 |  48.5 |      38 |      24 |  38.7
            +---------+---------+-------+---------+---------+-------
